Spitfire vs Princes
Created - 16 novembre 2012 at 20:30
Goals
|
| Spitfire |
0 |
1 |
5 |
6 |
| Princes |
2 |
0 |
0 |
2 |
|
Shots
|
| Spitfire |
8 |
16 |
16 |
40 |
| Princes |
16 |
9 |
4 |
29 |
|
1st period
1. Princes , Ryan Hollweg 2 (Steve Downie, Rich Peverley) at 0:12
2. Princes , Chris Thorburn 1 (Rostislav Klesla, Michael Nylander) at 0:18
Penalties :
Tim Kennedy (Val) for Hooking (Minor) at 18:46
2nd period
3. Spitfire , Shean Donovan 1 (Boris Mironov) at 0:13
Penalties :
Rich Peverley (Cal) for Hooking (Minor) at 0:07, Nate Prosser (Cal) for Hooking (Minor) at 12:37, Tanner Glass (Cal) for High sticking (Minor) at 19:10
3rd period
4. Spitfire , Sergei Kostitsyn 1 (Shean Donovan, Dick Tarnstrom) at 1:34
5. Spitfire , Shean Donovan 2 (Derick Brassard) at 1:50
6. Spitfire , Derick Brassard 2 (Dick Tarnstrom) at 6:34
7. Spitfire , Denis Shvidki 1 (Jaroslav Svoboda, Boris Mironov) at 9:53
8. Spitfire , Eric Fehr 2 (David Krejci) at 18:18
Penalties :
Derick Brassard (Val) for Holding (Minor) at 1:51, Ben Clymer (Val) for Hooking (Minor) at 11:10
Goalie Stats
Marc Denis (Val), 27 saves from 29 shots - (0,931), W, 2-0-0, 60:00 minutes
Jeff Deslauriers (Cal), 34 saves from 40 shots - (0,850), L, 0-2-0, 60:00 minutes
Players Stats for Spitfire
Player Name G A P +/- PIM S H SB GA TA FO MP PP MP PK MP
------------------------------------------------------------------------------------
Arron Asham 0 0 0 0 0 0 0 0 0 0 0/0 0:39 0:00 0:00
Ben Clymer 0 0 0 0 2 1 1 1 0 0 0/0 5:48 0:00 0:00
Boris Mironov 0 2 2 4 0 2 1 1 0 1 0/0 26:15 2:49 3:03
Brad Staubitz 0 0 0 0 0 0 0 0 0 0 0/0 0:00 0:00 0:00
Danny Syvret 0 0 0 0 0 0 0 0 0 0 0/0 4:03 0:00 0:00
David Krejci 0 1 1 0 0 4 5 0 0 1 7/20 17:53 2:08 0:20
Denis Shvidki 1 0 1 1 0 4 1 0 1 0 0/1 12:53 0:00 1:15
Derick Brassard 1 1 2 2 2 6 0 0 1 0 11/25 20:02 3:06 0:46
Dick Tarnstrom 0 2 2 4 0 4 2 4 0 1 0/0 26:15 2:49 3:03
Eric Fehr 1 0 1 1 0 3 2 2 0 1 0/0 20:49 1:57 3:02
Erik Condra 0 0 0 0 0 0 0 0 0 0 0/0 0:00 0:00 0:00
Jaroslav Svoboda 0 1 1 1 0 0 1 0 0 1 0/0 14:11 0:00 1:26
Keaton Ellerby 0 0 0 0 0 0 0 0 0 0 0/0 4:03 0:00 0:00
Keith Yandle 0 0 0 0 0 0 0 0 0 1 0/0 9:38 0:00 0:00
Kevin Klein 0 0 0 0 0 0 0 1 0 0 0/0 20:04 2:30 2:16
Konstantin Koltsov 0 0 0 0 0 0 0 0 0 0 0/0 0:00 0:00 0:00
Kris Beech 0 0 0 1 0 1 3 0 0 0 3/10 12:33 0:31 0:00
Marc-Antoine Pouliot 0 0 0 0 0 1 1 0 0 0 0/2 5:10 0:00 0:00
Mathieu Roy 0 0 0 0 0 0 1 0 0 0 0/0 9:38 0:00 0:00
Matt Walker 0 0 0 0 0 1 0 0 0 0 0/0 20:04 2:30 2:16
Sergei Kostitsyn 1 0 1 2 0 2 1 1 0 0 1/3 20:01 3:06 0:44
Shean Donovan 2 1 3 3 0 10 2 0 2 0 5/8 26:31 2:56 3:05
Tim Kennedy 0 0 0 0 2 1 5 0 0 0 0/0 17:30 2:13 0:00
Players Stats for Princes
Player Name G A P +/- PIM S H SB GA TA FO MP PP MP PK MP
------------------------------------------------------------------------------------
Alexander Korolyuk 0 0 0 1 0 1 4 0 0 0 0/0 16:07 2:13 0:23
Anthony Peluso 0 0 0 0 0 0 0 0 0 0 0/0 6:51 0:00 0:00
Chris Thorburn 1 0 1 1 0 2 1 0 0 0 0/0 15:27 2:13 0:00
David Desharnais 0 0 0 0 0 0 0 0 0 0 0/0 0:00 0:00 0:00
Jason Strudwick 0 0 0 -2 0 0 1 1 0 0 0/0 13:55 0:00 2:01
Jesse Winchester 0 0 0 -1 0 2 1 0 0 0 2/7 10:58 0:00 0:00
John Madden 0 0 0 0 0 3 0 0 0 0 2/3 8:31 0:00 1:30
Kevin Shattenkirk 0 0 0 -2 0 0 0 0 0 1 0/0 19:09 3:35 0:00
Matthew Barnaby 0 0 0 -1 0 3 0 1 0 0 0/0 14:21 0:00 3:23
Michael Haley 0 0 0 0 0 0 2 0 0 1 0/0 6:51 0:00 0:00
Michael Nylander 0 1 1 0 0 4 0 1 0 0 11/18 19:13 2:13 3:08
Nate Prosser 0 0 0 -3 2 0 0 4 0 0 0/0 23:48 1:44 0:00
Rhett Warrener 0 0 0 0 0 1 3 1 0 0 0/0 18:08 0:00 3:18
Rich Peverley 0 1 1 -3 2 0 0 1 1 1 21/33 20:29 3:05 0:00
Rostislav Klesla 0 1 1 0 0 1 1 0 1 1 0/0 22:16 3:35 2:01
Ryan Hollweg 1 0 1 -4 0 6 1 0 1 0 2/4 21:10 3:06 0:04
Sean Zimmerman 0 0 0 -1 0 4 0 0 0 0 0/0 22:52 1:44 3:18
Steve Downie 0 1 1 -3 0 2 2 0 2 0 3/3 21:55 3:06 1:18
Tanner Glass 0 0 0 -1 2 0 2 0 1 0 1/1 11:59 0:00 0:52
Tuomas Pihlman 0 0 0 0 0 0 0 0 0 0 0/0 0:00 0:00 0:00
3 Stars
1 - Shean Donovan (Val)
2 - Dick Tarnstrom (Val)
3 - Boris Mironov (Val)
Power Play
Spitfire - 0 on 3 Attempt(s) - 0,00%
Princes - 0 on 3 Attempt(s) - 0,00%
Penalty Kill
Spitfire - 3 on 3 Attempt(s) - 100,00%
- Score 0 goal in Penalty Kill
Princes - 3 on 3 Attempt(s) - 100,00%
- Score 0 goal in Penalty Kill
Official
Referees : Devorski Paul and Furlatt Eric
Linesman : Don Henderson and Michel Cormier
Game Notes
Rhett Warrener is injured at 1:24 of 3rd period (Strained Left Knee)
Spitfire
5 vs 5 Forward
Center Left Wing Right Wing Time % Phy DF OF
1 Derick Brassard Sergei Kostitsyn Shean Donovan 40 1 2 2
2 David Krejci Tim Kennedy Eric Fehr 30 1 2 2
3 Kris Beech Jaroslav Svoboda Denis Shvidki 20 1 2 2
4 Marc-Antoine Pouliot Shean Donovan Ben Clymer 10 1 2 2
5 vs 5 Defense
Defense Defense Time % Phy DF OF
1 Boris Mironov Dick Tarnstrom 40 1 2 2
2 Kevin Klein Matt Walker 30 1 2 2
3 Mathieu Roy Keith Yandle 20 1 2 2
4 Danny Syvret Keaton Ellerby 10 1 2 2
PowerPlay Forward
Center Left Wing Right Wing Time % Phy DF OF
1 Derick Brassard Sergei Kostitsyn Shean Donovan 60 1 2 2
2 David Krejci Tim Kennedy Eric Fehr 40 1 2 2
PowerPlay Defense
Defense Defense Time % Phy DF OF
1 Boris Mironov Dick Tarnstrom 60 1 2 2
2 Kevin Klein Matt Walker 40 1 2 2
Penalty Kill 4 Players Forward
Center Wing Time % Phy DF OF
1 Shean Donovan Eric Fehr 60 1 2 2
2 Denis Shvidki Derick Brassard 40 1 2 2
Penalty Kill 4 Players Defense
Defense Defense Time % Phy DF OF
1 Boris Mironov Dick Tarnstrom 60 1 2 2
2 Kevin Klein Matt Walker 40 1 2 2
Penalty Kill - 3 Players Forward
Forward Time % Phy DF OF
1 Shean Donovan 60 1 2 2
2 Eric Fehr 40 1 2 2
Penalty Kill - 3 Players Defense
Defense Defense Time % Phy DF OF
1 Boris Mironov Dick Tarnstrom 60 1 2 2
2 Kevin Klein Matt Walker 40 1 2 2
4 vs 4 Forward
Center Wing Time % Phy DF OF
1 Shean Donovan Eric Fehr 60 1 2 2
2 Denis Shvidki Derick Brassard 40 1 2 2
4 vs 4 Defense
Defense Defense Time % Phy DF OF
1 Boris Mironov Dick Tarnstrom 60 1 2 2
2 Kevin Klein Matt Walker 40 1 2 2
Last Minutes Offensive
Center Left Wing Right Wing Defense Defense
Derick Brassard Sergei Kostitsyn Shean Donovan Boris Mironov Dick Tarnstrom
Last Minutes Defensive
Center Left Wing Right Wing Defense Defense
Derick Brassard Sergei Kostitsyn Shean Donovan Boris Mironov Dick Tarnstrom
Goaltenders
Starting : Marc Denis
Backup : Todd Ford
Extra Forwards
Normal : Kris Beech, Ben Clymer, Jaroslav Svoboda - PP : Kris Beech, Ben Clymer - PK : Jaroslav Svoboda
Extra Defensemen
Normal : Mathieu Roy, Keith Yandle, Danny Syvret - PP : Mathieu Roy - PK : Keith Yandle, Danny Syvret
Penalty Shots
Shean Donovan, Eric Fehr, Denis Shvidki, Derick Brassard, David Krejci
Princes
5 vs 5 Forward
Center Left Wing Right Wing Time % Phy DF OF
1 Rich Peverley Ryan Hollweg Steve Downie 45 1 1 3
2 Michael Nylander Alexander Korolyuk Chris Thorburn 30 1 2 2
3 Jesse Winchester Tanner Glass Matthew Barnaby 20 1 2 2
4 John Madden Michael Haley Anthony Peluso 5 1 3 1
5 vs 5 Defense
Defense Defense Time % Phy DF OF
1 Rhett Warrener Nate Prosser 45 0 3 2
2 Rostislav Klesla Sean Zimmerman 30 0 3 2
3 Jason Strudwick Kevin Shattenkirk 20 0 3 2
4 Jason Strudwick Kevin Shattenkirk 5 0 3 2
PowerPlay Forward
Center Left Wing Right Wing Time % Phy DF OF
1 Rich Peverley Ryan Hollweg Steve Downie 60 0 1 4
2 Michael Nylander Alexander Korolyuk Chris Thorburn 40 0 1 4
PowerPlay Defense
Defense Defense Time % Phy DF OF
1 Rostislav Klesla Kevin Shattenkirk 60 0 2 3
2 Nate Prosser Sean Zimmerman 40 0 2 3
Penalty Kill 4 Players Forward
Center Wing Time % Phy DF OF
1 Michael Nylander Matthew Barnaby 60 1 3 1
2 John Madden Tanner Glass 40 1 3 1
Penalty Kill 4 Players Defense
Defense Defense Time % Phy DF OF
1 Rhett Warrener Sean Zimmerman 60 1 3 1
2 Rostislav Klesla Jason Strudwick 40 1 3 1
Penalty Kill - 3 Players Forward
Forward Time % Phy DF OF
1 Michael Nylander 60 1 3 1
2 John Madden 40 1 3 1
Penalty Kill - 3 Players Defense
Defense Defense Time % Phy DF OF
1 Rhett Warrener Sean Zimmerman 60 1 3 1
2 Rostislav Klesla Jason Strudwick 40 1 3 1
4 vs 4 Forward
Center Wing Time % Phy DF OF
1 Michael Nylander Ryan Hollweg 60 1 2 2
2 Rich Peverley Chris Thorburn 40 1 2 2
4 vs 4 Defense
Defense Defense Time % Phy DF OF
1 Rhett Warrener Sean Zimmerman 60 1 2 2
2 Rostislav Klesla Jason Strudwick 40 1 2 2
Last Minutes Offensive
Center Left Wing Right Wing Defense Defense
Rich Peverley Ryan Hollweg Steve Downie Rostislav Klesla Kevin Shattenkirk
Last Minutes Defensive
Center Left Wing Right Wing Defense Defense
Michael Nylander Tanner Glass Matthew Barnaby Jason Strudwick Sean Zimmerman
Goaltenders
Starting : Jeff Deslauriers
Backup : Manny Legace
Extra Forwards
Normal : Matthew Barnaby, John Madden, Jesse Winchester - PP : Jesse Winchester, Matthew Barnaby - PK : Steve Downie
Extra Defensemen
Normal : Kevin Shattenkirk, Nate Prosser, Sean Zimmerman - PP : Rhett Warrener - PK : Nate Prosser, Kevin Shattenkirk
Penalty Shots
Michael Nylander, Matthew Barnaby, Tuomas Pihlman, Steve Downie, Tanner Glass
% Time on Ice - Spitfire
Lines # - Real PCT - Wanted PCT - Time Play
Normal Forward
1 - 34% - 40% - 16:38
2 - 31% - 30% - 15:18
3 - 24% - 20% - 11:38
4 - 11% - 10% - 5:10
Normal Defense
1 - 41% - 40% - 19:45
2 - 31% - 30% - 15:18
3 - 20% - 20% - 9:38
4 - 8% - 10% - 4:03
PP Forward
1 - 60% - 60% - 3:11
2 - 40% - 40% - 2:08
PP Defense
1 - 53% - 60% - 2:49
2 - 47% - 40% - 2:30
PK Forward
1 - 76% - 60% - 4:04
2 - 24% - 40% - 1:15
PK Defense
1 - 57% - 60% - 3:03
2 - 43% - 40% - 2:16
PK3 Forward
1 - 0% - 60%
2 - 0% - 40%
PK3 Defense
1 - 0% - 60%
2 - 0% - 40%
44 Forward
1 - 100% - 60% - 0:38
2 - 0% - 40% - 0:00
44 Defense
1 - 100% - 60% - 0:38
2 - 0% - 40% - 0:00
Last Minute Offensive - 0:00
Last Minute Defensive - 0:00
Total
Forward - 60:00
Defense - 60:00
|
% Time on Ice - Princes
Lines # - Real PCT - Wanted PCT - Time Play
Normal Forward
1 - 36% - 45% - 17:31
2 - 27% - 30% - 13:24
3 - 23% - 20% - 10:58
4 - 14% - 5% - 6:51
Normal Defense
1 - 44% - 45% - 21:26
2 - 35% - 30% - 17:15
3 - 16% - 20% - 8:02
4 - 4% - 5% - 2:01
PP Forward
1 - 58% - 60% - 3:06
2 - 42% - 40% - 2:13
PP Defense
1 - 67% - 60% - 3:35
2 - 33% - 40% - 1:44
PK Forward
1 - 72% - 60% - 3:49
2 - 28% - 40% - 1:30
PK Defense
1 - 62% - 60% - 3:18
2 - 38% - 40% - 2:01
PK3 Forward
1 - 0% - 60%
2 - 0% - 40%
PK3 Defense
1 - 0% - 60%
2 - 0% - 40%
44 Forward
1 - 100% - 60% - 0:38
2 - 0% - 40% - 0:00
44 Defense
1 - 84% - 60% - 0:32
2 - 16% - 40% - 0:06
Last Minute Offensive - 0:00
Last Minute Defensive - 0:00
Total
Forward - 60:00
Defense - 60:00
|
Play by Play
1st period
0:01 of 1st period - Rich Peverley wins face-off versus Derick Brassard in neutral zone.
0:10 of 1st period - Slapshot by Steve Downie.
0:10 of 1st period - Shot Misses the Net.
0:12 of 1st period - Snap shot by Ryan Hollweg.
0:12 of 1st period - Goal by Ryan Hollweg - Spitfire : 0 - Princes : 1.
0:13 of 1st period - Michael Nylander wins face-off versus David Krejci in neutral zone.
0:16 of 1st period - Wrist shot by Rostislav Klesla.
0:16 of 1st period - Shot Misses the Net.
0:18 of 1st period - Wrist shot by Chris Thorburn.
0:18 of 1st period - Goal by Chris Thorburn - Spitfire : 0 - Princes : 2.
0:19 of 1st period - Jesse Winchester wins face-off versus Kris Beech in neutral zone.
0:46 of 1st period - Jason Strudwick is hit by David Krejci and loses puck.
1:12 of 1st period - Snap shot by Shean Donovan.
1:12 of 1st period - Stopped by Jeff Deslauriers with a rebound.
1:14 of 1st period - Slapshot by Boris Mironov.
1:14 of 1st period - Shot Blocked by Jason Strudwick.
1:30 of 1st period - Denis Shvidki is hit by Michael Haley and loses puck.
1:41 of 1st period - Wrist shot by John Madden.
1:41 of 1st period - Stopped by Marc Denis with a rebound.
2:33 of 1st period - Snap shot by Shean Donovan.
2:33 of 1st period - Deflect By Sergei Kostitsyn.
2:33 of 1st period - Shot Hit the Post.
2:33 of 1st period - Puck is out of play.
2:34 of 1st period - Rich Peverley wins face-off versus Derick Brassard in Princes zone.
2:39 of 1st period - Slapshot by Rostislav Klesla.
2:39 of 1st period - Stopped by Marc Denis with a rebound.
2:59 of 1st period - Snap shot by Alexander Korolyuk.
2:59 of 1st period - Shot Misses the Net.
3:21 of 1st period - Wrist shot by Jesse Winchester.
3:21 of 1st period - Deflect By Tanner Glass.
3:21 of 1st period - Shot Misses the Net.
3:21 of 1st period - Puck is out of play.
3:22 of 1st period - Jesse Winchester wins face-off versus Derick Brassard in Spitfire zone.
3:54 of 1st period - Slapshot by David Krejci.
3:54 of 1st period - Stopped by Jeff Deslauriers without a rebound.
3:55 of 1st period - Derick Brassard wins face-off versus Rich Peverley in Princes zone.
3:58 of 1st period - Slapshot by Shean Donovan.
3:58 of 1st period - Stopped by Jeff Deslauriers with a rebound.
4:00 of 1st period - Wrist shot by Shean Donovan.
4:00 of 1st period - Shot Misses the Net.
4:04 of 1st period - Snap shot by Shean Donovan.
4:04 of 1st period - Stopped by Jeff Deslauriers without a rebound.
4:05 of 1st period - Rich Peverley wins face-off versus Sergei Kostitsyn in Princes zone.
4:19 of 1st period - Snap shot by Derick Brassard.
4:19 of 1st period - Stopped by Jeff Deslauriers with a rebound.
4:53 of 1st period - Snap shot by Ryan Hollweg.
4:53 of 1st period - Stopped by Marc Denis with a rebound.
4:55 of 1st period - Wrist shot by Rich Peverley.
4:55 of 1st period - Shot Misses the Net.
4:57 of 1st period - Slapshot by Jason Strudwick.
4:57 of 1st period - Shot Misses the Net.
4:59 of 1st period - Slapshot by Kevin Shattenkirk.
4:59 of 1st period - Shot Misses the Net.
5:03 of 1st period - Snap shot by Ryan Hollweg.
5:03 of 1st period - Stopped by Marc Denis without a rebound.
5:04 of 1st period - Michael Nylander wins face-off versus David Krejci in Spitfire zone.
5:05 of 1st period - Wrist shot by Alexander Korolyuk.
5:05 of 1st period - Shot Blocked by Eric Fehr.
5:07 of 1st period - Snap shot by Michael Nylander.
5:07 of 1st period - Shot Misses the Net.
5:09 of 1st period - Slapshot by Nate Prosser.
5:09 of 1st period - Shot Blocked by Boris Mironov.
5:15 of 1st period - Snap shot by Chris Thorburn.
5:15 of 1st period - Shot Blocked by Dick Tarnstrom.
5:29 of 1st period - Boris Mironov is hit by Rhett Warrener and loses puck.
6:09 of 1st period - Sean Zimmerman is hit by Eric Fehr and loses puck.
6:25 of 1st period - Icing by Chris Thorburn.
6:26 of 1st period - Michael Nylander wins face-off versus Kris Beech in Princes zone.
7:49 of 1st period - Nate Prosser is hit by Shean Donovan and loses puck.
8:16 of 1st period - Wrist shot by Ben Clymer.
8:16 of 1st period - Stopped by Jeff Deslauriers with a rebound.
8:18 of 1st period - Slapshot by Marc-Antoine Pouliot.
8:18 of 1st period - Stopped by Jeff Deslauriers without a rebound.
8:19 of 1st period - Steve Downie wins face-off versus David Krejci in Princes zone.
8:32 of 1st period - Nate Prosser is hit by Tim Kennedy and loses puck.
9:48 of 1st period - Wrist shot by Ryan Hollweg.
9:48 of 1st period - Shot Misses the Net.
9:50 of 1st period - Backhand shot by Rhett Warrener.
9:50 of 1st period - Stopped by Marc Denis without a rebound.
9:51 of 1st period - Rich Peverley wins face-off versus Marc-Antoine Pouliot in Spitfire zone.
11:38 of 1st period - Keith Yandle is hit by Steve Downie and loses puck.
11:53 of 1st period - Denis Shvidki is hit by Rhett Warrener and loses puck.
12:44 of 1st period - Snap shot by David Krejci.
12:44 of 1st period - Stopped by Jeff Deslauriers without a rebound.
12:45 of 1st period - Rich Peverley wins face-off versus David Krejci in Princes zone.
12:45 of 1st period - Rich Peverley is hit by David Krejci.
13:09 of 1st period - Derick Brassard is hit by Alexander Korolyuk.
13:13 of 1st period - Snap shot by Shean Donovan.
13:13 of 1st period - Shot Misses the Net.
13:37 of 1st period - Slapshot by Jesse Winchester.
13:37 of 1st period - Deflect By Matthew Barnaby.
13:37 of 1st period - Shot Misses the Net.
13:37 of 1st period - Puck is out of play.
13:38 of 1st period - David Krejci wins face-off versus Rich Peverley in Spitfire zone.
14:08 of 1st period - Snap shot by Michael Nylander.
14:08 of 1st period - Stopped by Marc Denis with a rebound.
14:10 of 1st period - Slapshot by Kevin Shattenkirk.
14:10 of 1st period - Shot Misses the Net.
14:12 of 1st period - Slapshot by Michael Nylander.
14:12 of 1st period - Stopped by Marc Denis without a rebound.
14:13 of 1st period - David Krejci wins face-off versus Rich Peverley in Spitfire zone.
14:44 of 1st period - Slapshot by Chris Thorburn.
14:44 of 1st period - Stopped by Marc Denis with a rebound.
14:46 of 1st period - Snap shot by Chris Thorburn.
14:46 of 1st period - Shot Misses the Net.
14:48 of 1st period - Slapshot by Nate Prosser.
14:48 of 1st period - Shot Misses the Net.
15:00 of 1st period - Snap shot by John Madden.
15:00 of 1st period - Stopped by Marc Denis without a rebound.
15:01 of 1st period - John Madden wins face-off versus David Krejci in Spitfire zone.
15:48 of 1st period - Wrist shot by Matthew Barnaby.
15:48 of 1st period - Stopped by Marc Denis with a rebound.
15:50 of 1st period - Backhand shot by Sean Zimmerman.
15:50 of 1st period - Shot Misses the Net.
15:52 of 1st period - Snap shot by Matthew Barnaby.
15:52 of 1st period - Deflect By Jesse Winchester.
15:52 of 1st period - Stopped by Marc Denis with a rebound.
15:54 of 1st period - Slapshot by Sean Zimmerman.
15:54 of 1st period - Deflect By Jesse Winchester.
15:54 of 1st period - Shot Misses the Net.
15:54 of 1st period - Puck is out of play.
15:55 of 1st period - Derick Brassard wins face-off versus Jesse Winchester in Spitfire zone.
16:42 of 1st period - Shean Donovan is hit by Jesse Winchester and loses puck.
16:59 of 1st period - Wrist shot by Derick Brassard.
16:59 of 1st period - Shot Blocked by Matthew Barnaby.
17:17 of 1st period - Wrist shot by Jesse Winchester.
17:17 of 1st period - Stopped by Marc Denis without a rebound.
17:18 of 1st period - Rich Peverley wins face-off versus David Krejci in Spitfire zone.
17:21 of 1st period - Slapshot by Ryan Hollweg.
17:21 of 1st period - Stopped by Marc Denis with a rebound.
17:23 of 1st period - Slapshot by Rich Peverley.
17:23 of 1st period - Shot Misses the Net.
17:25 of 1st period - Wrist shot by Ryan Hollweg.
17:25 of 1st period - Shot Blocked by Eric Fehr.
17:29 of 1st period - Snap shot by Steve Downie.
17:29 of 1st period - Stopped by Marc Denis without a rebound.
17:30 of 1st period - Ryan Hollweg wins face-off versus David Krejci in Spitfire zone.
17:31 of 1st period - Snap shot by Rich Peverley.
17:31 of 1st period - Shot Misses the Net.
17:43 of 1st period - Steve Downie is hit by Eric Fehr and loses puck.
18:05 of 1st period - Rhett Warrener is hit by Jaroslav Svoboda and loses puck.
18:46 of 1st period - Minor Penalty to Tim Kennedy for Hooking.
18:47 of 1st period - Rich Peverley wins face-off versus Shean Donovan in Spitfire zone.
2nd period
0:01 of 2nd period - Rich Peverley wins face-off versus Shean Donovan in neutral zone.
0:07 of 2nd period - Minor Penalty to Rich Peverley for Hooking.
0:08 of 2nd period - Michael Nylander wins face-off versus Shean Donovan in Princes zone.
0:13 of 2nd period - Snap shot by Shean Donovan.
0:13 of 2nd period - Deflect By Ryan Hollweg.
0:13 of 2nd period - Goal by Shean Donovan - Spitfire : 1 - Princes : 2.
0:14 of 2nd period - Shean Donovan wins face-off versus Michael Nylander in neutral zone.
0:45 of 2nd period - Boris Mironov is hit by Rostislav Klesla and loses puck.
0:46 of 2nd period - Penalty to Tim Kennedy is over, Tim Kennedy is back on ice.
1:42 of 2nd period - Steve Downie is hit by Kris Beech and loses puck.
1:59 of 2nd period - Boris Mironov is hit by Rhett Warrener and loses puck.
2:07 of 2nd period - Penalty to Rich Peverley is over, Rich Peverley is back on ice.
2:12 of 2nd period - Matt Walker is hit by Ryan Hollweg and loses puck.
2:19 of 2nd period - Jason Strudwick is hit by David Krejci and loses puck.
3:12 of 2nd period - Off-side.
3:13 of 2nd period - Steve Downie wins face-off versus Kris Beech in neutral zone.
3:36 of 2nd period - Wrist shot by Eric Fehr.
3:36 of 2nd period - Shot Misses the Net.
3:38 of 2nd period - Slapshot by Danny Syvret.
3:38 of 2nd period - Shot Misses the Net.
4:15 of 2nd period - Snap shot by Ryan Hollweg.
4:15 of 2nd period - Stopped by Marc Denis without a rebound.
4:16 of 2nd period - Rich Peverley wins face-off versus David Krejci in Spitfire zone.
4:31 of 2nd period - Wrist shot by Eric Fehr.
4:31 of 2nd period - Shot Misses the Net.
5:35 of 2nd period - Off-side.
5:36 of 2nd period - Rich Peverley wins face-off versus David Krejci in neutral zone.
5:43 of 2nd period - Rhett Warrener is hit by David Krejci and loses puck.
6:06 of 2nd period - Wrist shot by John Madden.
6:06 of 2nd period - Shot Misses the Net.
6:08 of 2nd period - Slapshot by Sean Zimmerman.
6:08 of 2nd period - Shot Misses the Net.
6:10 of 2nd period - Slapshot by Sean Zimmerman.
6:10 of 2nd period - Stopped by Marc Denis with a rebound.
6:12 of 2nd period - Slapshot by Sean Zimmerman.
6:12 of 2nd period - Stopped by Marc Denis without a rebound.
6:13 of 2nd period - Rich Peverley wins face-off versus Derick Brassard in Spitfire zone.
6:14 of 2nd period - Wrist shot by Steve Downie.
6:14 of 2nd period - Stopped by Marc Denis without a rebound.
6:15 of 2nd period - Ryan Hollweg wins face-off versus Derick Brassard in Spitfire zone.
6:30 of 2nd period - Snap shot by Derick Brassard.
6:30 of 2nd period - Shot Blocked by Rich Peverley.
6:40 of 2nd period - Matt Walker is hit by Chris Thorburn and loses puck.
6:47 of 2nd period - Slapshot by Michael Nylander.
6:47 of 2nd period - Stopped by Marc Denis without a rebound.
6:48 of 2nd period - Michael Nylander wins face-off versus Derick Brassard in Spitfire zone.
7:14 of 2nd period - Snap shot by Ryan Hollweg.
7:14 of 2nd period - Deflect By Steve Downie.
7:14 of 2nd period - Shot Blocked by Dick Tarnstrom.
7:14 of 2nd period - Puck is out of play.
7:15 of 2nd period - David Krejci wins face-off versus Rich Peverley in Spitfire zone.
7:15 of 2nd period - David Krejci is hit by Steve Downie.
7:27 of 2nd period - Snap shot by Eric Fehr.
7:27 of 2nd period - Shot Misses the Net.
7:29 of 2nd period - Slapshot by David Krejci.
7:29 of 2nd period - Stopped by Jeff Deslauriers with a rebound.
8:05 of 2nd period - Snap shot by Ryan Hollweg.
8:05 of 2nd period - Shot Hit the Post.
8:44 of 2nd period - Jaroslav Svoboda is hit by Michael Haley and loses puck.
8:48 of 2nd period - Icing by Kris Beech.
8:49 of 2nd period - John Madden wins face-off versus Kris Beech in Spitfire zone.
8:54 of 2nd period - Snap shot by John Madden.
8:54 of 2nd period - Shot Misses the Net.
8:56 of 2nd period - Wrist shot by John Madden.
8:56 of 2nd period - Shot Hit the Post.
9:06 of 2nd period - Wrist shot by John Madden.
9:06 of 2nd period - Stopped by Marc Denis without a rebound.
9:07 of 2nd period - Rich Peverley wins face-off versus Sergei Kostitsyn in Spitfire zone.
9:16 of 2nd period - Snap shot by Shean Donovan.
9:16 of 2nd period - Stopped by Jeff Deslauriers without a rebound.
9:17 of 2nd period - Derick Brassard wins face-off versus Rich Peverley in Princes zone.
9:18 of 2nd period - Snap shot by Shean Donovan.
9:18 of 2nd period - Stopped by Jeff Deslauriers with a rebound.
9:20 of 2nd period - Slapshot by Matt Walker.
9:20 of 2nd period - Deflect By Rich Peverley.
9:20 of 2nd period - Stopped by Jeff Deslauriers with a rebound.
9:24 of 2nd period - Snap shot by Derick Brassard.
9:24 of 2nd period - Stopped by Jeff Deslauriers without a rebound.
9:25 of 2nd period - Derick Brassard wins face-off versus Rich Peverley in Princes zone.
9:28 of 2nd period - Snap shot by Sergei Kostitsyn.
9:28 of 2nd period - Shot Misses the Net.
9:40 of 2nd period - Slapshot by Rhett Warrener.
9:40 of 2nd period - Shot Blocked by Sergei Kostitsyn.
9:52 of 2nd period - Nate Prosser is hit by Dick Tarnstrom.
10:00 of 2nd period - Snap shot by Rostislav Klesla.
10:00 of 2nd period - Shot Blocked by Dick Tarnstrom.
10:50 of 2nd period - Slapshot by Steve Downie.
10:50 of 2nd period - Shot Blocked by Kevin Klein.
11:36 of 2nd period - Off-side.
11:37 of 2nd period - Rich Peverley wins face-off versus Kris Beech in neutral zone.
12:04 of 2nd period - Jaroslav Svoboda is hit by Alexander Korolyuk.
12:24 of 2nd period - Snap shot by Shean Donovan.
12:24 of 2nd period - Stopped by Jeff Deslauriers without a rebound.
12:25 of 2nd period - Rich Peverley wins face-off versus Derick Brassard in Princes zone.
12:37 of 2nd period - Minor Penalty to Nate Prosser for Hooking.
12:38 of 2nd period - Michael Nylander wins face-off versus Derick Brassard in Princes zone.
12:38 of 2nd period - Michael Nylander is hit by Dick Tarnstrom.
12:54 of 2nd period - Snap shot by Matthew Barnaby.
12:54 of 2nd period - Stopped by Marc Denis with a rebound.
13:12 of 2nd period - Snap shot by Dick Tarnstrom.
13:12 of 2nd period - Stopped by Jeff Deslauriers without a rebound.
13:13 of 2nd period - Sergei Kostitsyn wins face-off versus John Madden in Princes zone.
13:20 of 2nd period - Snap shot by Derick Brassard.
13:20 of 2nd period - Deflect By Shean Donovan.
13:20 of 2nd period - Shot Misses the Net.
13:20 of 2nd period - Puck is out of play.
13:21 of 2nd period - Derick Brassard wins face-off versus Michael Nylander in Princes zone.
13:24 of 2nd period - Backhand shot by Shean Donovan.
13:24 of 2nd period - Stopped by Jeff Deslauriers with a rebound.
14:37 of 2nd period - Penalty to Nate Prosser is over, Nate Prosser is back on ice.
14:45 of 2nd period - Slapshot by Sean Zimmerman.
14:45 of 2nd period - Stopped by Marc Denis without a rebound.
14:46 of 2nd period - Kris Beech wins face-off versus Rich Peverley in Spitfire zone.
15:01 of 2nd period - Slapshot by Denis Shvidki.
15:01 of 2nd period - Stopped by Jeff Deslauriers without a rebound.
15:02 of 2nd period - Derick Brassard wins face-off versus Michael Nylander in Princes zone.
15:09 of 2nd period - Slapshot by Sergei Kostitsyn.
15:09 of 2nd period - Shot Blocked by Rhett Warrener.
15:11 of 2nd period - Wrist shot by Sergei Kostitsyn.
15:11 of 2nd period - Shot Misses the Net.
15:13 of 2nd period - Slapshot by Sergei Kostitsyn.
15:13 of 2nd period - Stopped by Jeff Deslauriers without a rebound.
15:14 of 2nd period - Rich Peverley wins face-off versus Derick Brassard in Princes zone.
15:23 of 2nd period - Backhand shot by Derick Brassard.
15:23 of 2nd period - Shot Blocked by Nate Prosser.
15:25 of 2nd period - Slapshot by Boris Mironov.
15:25 of 2nd period - Shot Misses the Net.
15:27 of 2nd period - Wrist shot by Sergei Kostitsyn.
15:27 of 2nd period - Deflect By Derick Brassard.
15:27 of 2nd period - Stopped by Jeff Deslauriers with a rebound.
15:29 of 2nd period - Snap shot by Boris Mironov.
15:29 of 2nd period - Stopped by Jeff Deslauriers without a rebound.
15:30 of 2nd period - Michael Nylander wins face-off versus David Krejci in Princes zone.
15:30 of 2nd period - Michael Nylander is hit by Tim Kennedy.
16:28 of 2nd period - Slapshot by Dick Tarnstrom.
16:28 of 2nd period - Stopped by Jeff Deslauriers without a rebound.
16:29 of 2nd period - Rich Peverley wins face-off versus David Krejci in Princes zone.
16:43 of 2nd period - Snap shot by David Krejci.
16:43 of 2nd period - Stopped by Jeff Deslauriers without a rebound.
16:44 of 2nd period - Kris Beech wins face-off versus Michael Nylander in Princes zone.
16:45 of 2nd period - Snap shot by Denis Shvidki.
16:45 of 2nd period - Shot Blocked by Michael Nylander.
16:56 of 2nd period - Backhand shot by Nate Prosser.
16:56 of 2nd period - Shot Misses the Net.
16:58 of 2nd period - Slapshot by Alexander Korolyuk.
16:58 of 2nd period - Stopped by Marc Denis with a rebound.
17:00 of 2nd period - Snap shot by Michael Nylander.
17:00 of 2nd period - Shot Misses the Net.
17:22 of 2nd period - Off-side.
17:23 of 2nd period - David Krejci wins face-off versus Jesse Winchester in neutral zone.
17:25 of 2nd period - Dick Tarnstrom is hit by Tanner Glass.
18:56 of 2nd period - Matthew Barnaby is hit by Ben Clymer and loses puck.
19:10 of 2nd period - Minor Penalty to Tanner Glass for High sticking.
19:11 of 2nd period - Derick Brassard wins face-off versus Michael Nylander in Princes zone.
19:49 of 2nd period - Slapshot by Boris Mironov.
19:49 of 2nd period - Stopped by Jeff Deslauriers with a rebound.
3rd period
0:01 of 3rd period - Michael Nylander wins face-off versus Derick Brassard in neutral zone.
0:04 of 3rd period - Slapshot by Sean Zimmerman.
0:04 of 3rd period - Shot Misses the Net.
0:14 of 3rd period - Wrist shot by Shean Donovan.
0:14 of 3rd period - Shot Misses the Net.
1:10 of 3rd period - Penalty to Tanner Glass is over, Tanner Glass is back on ice.
1:23 of 3rd period - Rhett Warrener is hit by Kris Beech and loses puck.
1:24 of 3rd period - Rhett Warrener from Princes is injured at 1:24 of 3rd period (Strained Left Knee).
1:25 of 3rd period - Rich Peverley wins face-off versus Derick Brassard in Princes zone.
1:32 of 3rd period - Snap shot by Shean Donovan.
1:32 of 3rd period - Shot Blocked by Nate Prosser.
1:34 of 3rd period - Snap shot by Sergei Kostitsyn.
1:34 of 3rd period - Goal by Sergei Kostitsyn - Spitfire : 2 - Princes : 2.
1:35 of 3rd period - Derick Brassard wins face-off versus Ryan Hollweg in neutral zone.
1:42 of 3rd period - Snap shot by Shean Donovan.
1:42 of 3rd period - Shot Misses the Net.
1:48 of 3rd period - Snap shot by Derick Brassard.
1:48 of 3rd period - Shot Misses the Net.
1:50 of 3rd period - Backhand shot by Shean Donovan.
1:50 of 3rd period - Goal by Shean Donovan - Spitfire : 3 - Princes : 2.
1:51 of 3rd period - Rich Peverley wins face-off versus Derick Brassard in neutral zone.
1:51 of 3rd period - Minor Penalty to Derick Brassard for Holding.
1:52 of 3rd period - Shean Donovan wins face-off versus Rich Peverley in Spitfire zone.
2:00 of 3rd period - Off-side.
2:01 of 3rd period - Shean Donovan wins face-off versus Rich Peverley in neutral zone.
2:04 of 3rd period - Rich Peverley is hit by Boris Mironov.
3:46 of 3rd period - Rostislav Klesla is hit by Sergei Kostitsyn and loses puck.
3:51 of 3rd period - Penalty to Derick Brassard is over, Derick Brassard is back on ice.
3:57 of 3rd period - Snap shot by Derick Brassard.
3:57 of 3rd period - Stopped by Jeff Deslauriers without a rebound.
3:58 of 3rd period - Tanner Glass wins face-off versus Marc-Antoine Pouliot in Princes zone.
3:58 of 3rd period - Tanner Glass is hit by Marc-Antoine Pouliot.
4:34 of 3rd period - Slapshot by Eric Fehr.
4:34 of 3rd period - Deflect By Tim Kennedy.
4:34 of 3rd period - Shot Misses the Net.
4:34 of 3rd period - Puck is out of play.
4:35 of 3rd period - David Krejci wins face-off versus Michael Nylander in Princes zone.
4:44 of 3rd period - Chris Thorburn is hit by Tim Kennedy and loses puck.
6:18 of 3rd period - Danny Syvret is hit by Tanner Glass and loses puck.
6:25 of 3rd period - Snap shot by Matthew Barnaby.
6:25 of 3rd period - Stopped by Marc Denis without a rebound.
6:26 of 3rd period - Derick Brassard wins face-off versus Rich Peverley in Spitfire zone.
6:26 of 3rd period - Derick Brassard is hit by Jason Strudwick.
6:32 of 3rd period - Backhand shot by Dick Tarnstrom.
6:32 of 3rd period - Stopped by Jeff Deslauriers with a rebound.
6:34 of 3rd period - Snap shot by Derick Brassard.
6:34 of 3rd period - Goal by Derick Brassard - Spitfire : 4 - Princes : 2.
6:35 of 3rd period - Steve Downie wins face-off versus Derick Brassard in neutral zone.
7:00 of 3rd period - Tim Kennedy is hit by Alexander Korolyuk and loses puck.
7:45 of 3rd period - Slapshot by Denis Shvidki.
7:45 of 3rd period - Shot Misses the Net.
7:47 of 3rd period - Snap shot by Kris Beech.
7:47 of 3rd period - Stopped by Jeff Deslauriers without a rebound.
7:48 of 3rd period - Rich Peverley wins face-off versus Kris Beech in Princes zone.
7:48 of 3rd period - Rich Peverley is hit by Kris Beech.
7:58 of 3rd period - Snap shot by Ryan Hollweg.
7:58 of 3rd period - Shot Misses the Net.
8:00 of 3rd period - Snap shot by Steve Downie.
8:00 of 3rd period - Shot Misses the Net.
8:02 of 3rd period - Slapshot by Steve Downie.
8:02 of 3rd period - Shot Misses the Net.
8:40 of 3rd period - Wrist shot by Eric Fehr.
8:40 of 3rd period - Stopped by Jeff Deslauriers without a rebound.
8:41 of 3rd period - David Krejci wins face-off versus Jesse Winchester in Princes zone.
9:06 of 3rd period - Ryan Hollweg is hit by Shean Donovan.
9:18 of 3rd period - Off-side.
9:19 of 3rd period - Michael Nylander wins face-off versus Kris Beech in neutral zone.
9:28 of 3rd period - Snap shot by Michael Nylander.
9:28 of 3rd period - Stopped by Marc Denis without a rebound.
9:29 of 3rd period - Rich Peverley wins face-off versus Denis Shvidki in Spitfire zone.
9:40 of 3rd period - Rich Peverley is hit by Denis Shvidki and loses puck.
9:53 of 3rd period - Slapshot by Denis Shvidki.
9:53 of 3rd period - Goal by Denis Shvidki - Spitfire : 5 - Princes : 2.
9:54 of 3rd period - Derick Brassard wins face-off versus Ryan Hollweg in neutral zone.
10:20 of 3rd period - David Krejci is hit by Alexander Korolyuk and loses puck.
10:28 of 3rd period - Off-side.
10:29 of 3rd period - Michael Nylander wins face-off versus Derick Brassard in neutral zone.
10:54 of 3rd period - Ryan Hollweg is hit by David Krejci and loses puck.
11:10 of 3rd period - Minor Penalty to Ben Clymer for Hooking.
11:11 of 3rd period - Shean Donovan wins face-off versus Rich Peverley in Spitfire zone.
11:37 of 3rd period - Icing by Alexander Korolyuk.
11:38 of 3rd period - Shean Donovan wins face-off versus Michael Nylander in Princes zone.
11:41 of 3rd period - Wrist shot by Shean Donovan.
11:41 of 3rd period - Stopped by Jeff Deslauriers with a rebound.
13:10 of 3rd period - Penalty to Ben Clymer is over, Ben Clymer is back on ice.
13:20 of 3rd period - Wrist shot by Eric Fehr.
13:20 of 3rd period - Stopped by Jeff Deslauriers with a rebound.
13:22 of 3rd period - Slapshot by Boris Mironov.
13:22 of 3rd period - Shot Blocked by Nate Prosser.
14:05 of 3rd period - Slapshot by Tim Kennedy.
14:05 of 3rd period - Stopped by Jeff Deslauriers without a rebound.
14:06 of 3rd period - Michael Nylander wins face-off versus David Krejci in Princes zone.
15:11 of 3rd period - Michael Haley is hit by Mathieu Roy.
16:06 of 3rd period - Rostislav Klesla is hit by Tim Kennedy and loses puck.
16:31 of 3rd period - Slapshot by Jesse Winchester.
16:31 of 3rd period - Shot Blocked by Ben Clymer.
17:34 of 3rd period - Jason Strudwick is hit by Tim Kennedy and loses puck.
18:12 of 3rd period - Snap shot by Denis Shvidki.
18:12 of 3rd period - Shot Misses the Net.
18:14 of 3rd period - Slapshot by Denis Shvidki.
18:14 of 3rd period - Stopped by Jeff Deslauriers without a rebound.
18:15 of 3rd period - Kris Beech wins face-off versus Jesse Winchester in Princes zone.
18:16 of 3rd period - Snap shot by Denis Shvidki.
18:16 of 3rd period - Stopped by Jeff Deslauriers without a rebound.
18:17 of 3rd period - David Krejci wins face-off versus Jesse Winchester in Princes zone.
18:18 of 3rd period - Wrist shot by Eric Fehr.
18:18 of 3rd period - Goal by Eric Fehr - Spitfire : 6 - Princes : 2.
18:19 of 3rd period - Derick Brassard wins face-off versus Rich Peverley in neutral zone.
18:24 of 3rd period - Snap shot by Derick Brassard.
18:24 of 3rd period - Stopped by Jeff Deslauriers with a rebound.
18:34 of 3rd period - Slapshot by Dick Tarnstrom.
18:34 of 3rd period - Stopped by Jeff Deslauriers with a rebound.
18:53 of 3rd period - Wrist shot by Eric Fehr.
18:53 of 3rd period - Shot Blocked by Nate Prosser.
19:16 of 3rd period - Snap shot by Tanner Glass.
19:16 of 3rd period - Shot Blocked by Dick Tarnstrom.
19:18 of 3rd period - Slapshot by Sean Zimmerman.
19:18 of 3rd period - Stopped by Marc Denis without a rebound.
19:19 of 3rd period - Rich Peverley wins face-off versus David Krejci in Spitfire zone.
19:20 of 3rd period - Snap shot by Ryan Hollweg.
19:20 of 3rd period - Stopped by Marc Denis with a rebound.
Output by the SimonT Hockey Simulator (STHS) for François Prévost -- Original Page W3C XHTML 1.0 Valid